 Dungeon Crawl Stone Soup version 0.27.1-3-gb3d3a73c9e (webtiles) character file.

Game seed: 4891777707858129872

18485 VictoriousLee the Destroyer (level 12, -2/73 HPs)
             Began as a Tengu Summoner on Oct 1, 2021.
             Was a High Priest of Vehumet.
             Splashed by a goliath frog's acid (6 damage)
             ... on level 6 of the Lair of Beasts on Oct 8, 2021.
             The game lasted 02:13:54 (16515 turns).

VictoriousLee the Destroyer (Tengu Summoner)       Turns: 16515, Time: 02:13:54

Health: -2/73      AC: 11    Str:  9    XL:     12   Next: 59%
Magic:  19/26      EV: 16    Int: 26    God:    Vehumet [*****.]
Gold:   140        SH:  0    Dex: 15    Spells: 3/29 levels left

rFire    . . .     SeeInvis .   x - +5 flail (freeze)
rCold    + . .     Faith    .   (no shield)
rNeg     . . .     Spirit   .   M - +3 leather armour {rC+}
rPois    +         Reflect  .   G - +2 hat
rElec    .         Harm     .   m - +2 cloak
rCorr    .         Rampage  .   (no gloves)
Will     .....                  (boots unavailable)
Stlth    ++........             r - amulet of regeneration
HPRegen  1.22/turn              A - ring of poison resistance
MPRegen  0.20/turn              i - +6 ring of intelligence

@: flying quickly and evasively, quick
A: beak, talons 3, nimble flight
a: Renounce Religion


You were on level 6 of the Lair of Beasts.
You worshipped Vehumet.
Vehumet was extremely pleased with you.
You visited 3 branches of the dungeon, and saw 16 of its levels.

You collected 785 gold pieces.
You spent 645 gold pieces at shops.

Inventory:

Hand Weapons
 e - the +0 hunting sling of the Shoals {flame, Fragile rN+ rCorr Int+6}
   (You found it on level 2 of the Lair of Beasts)

   Any ammunition fired from it burns those it strikes, dealing additional fire
   damage.
   Int:       It affects your intelligence (+6).
   rN:        It protects you from negative energy.
   rCorr:     It protects you from acid and corrosion.
   Fragile:   It will be destroyed if unequipped.
 l - a +2 quarterstaff of chaos
 t - a +0 spear
 w - a +1 scythe of protection
 x - a +5 flail of freezing (weapon)
 y - a +0 vampiric dagger
 D - a +1 dagger of speed
 I - a +0 falchion
 K - a +3 hand axe
Missiles
 p - 20 sling bullets
 z - 30 poisoned darts
 F - 40 stones
 N - 7 curare-tipped darts
Armour
 a - a +1 robe
 m - a +2 cloak (worn)
 G - a +2 hat (worn)
 M - a +3 leather armour of cold resistance (worn)
Jewellery
 i - a +6 ring of intelligence (right hand)
 r - an amulet of regeneration (around neck)
 A - a ring of poison resistance (left hand)
 E - a ring of ice
 H - an amulet of guardian spirit
Wands
 g - a wand of flame (33)
 j - a wand of iceblast (7)
 q - a wand of acid (17)
 C - a wand of polymorph (18)
Scrolls
 b - 4 scrolls of magic mapping
 f - a scroll of enchant armour
 k - 9 scrolls of teleportation
 n - a scroll of amnesia
Potions
 c - 2 potions of attraction
 d - 3 potions of brilliance
 h - a potion of berserk rage
 o - 3 potions of cancellation
 s - a potion of heal wounds
 u - 2 potions of mutation
 v - 3 potions of might
 B - 4 potions of curing
 L - a potion of invisibility {unknown}
Miscellaneous
 J - a lightning rod (4/4)


   Skills:
 - Level 8.0 Fighting
 - Level 3.0 Armour
 - Level 6.0 Dodging
 - Level 2.0 Stealth
 - Level 9.0 Spellcasting
 + Level 10.5 Conjurations
 - Level 8.0 Summonings
 - Level 3.0 Translocations
 - Level 3.0 Transmutations
 - Level 8.0 Fire Magic
 - Level 9.0 Air Magic
 - Level 2.0 Earth Magic


You had 3 spell levels left.
You knew the following spells:

 Your Spells              Type           Power      Damage    Failure   Level
a - Call Imp              Summ           52%        N/A       1%          2
b - Blink                 Tloc           N/A        N/A       3%          2
c - Passwall              Tmut/Erth      20%        N/A       3%          2
d - Static Discharge      Conj/Air       58%        N/A       1%          2
e - Stone Arrow           Conj/Erth      88%        3d12      1%          3
f - Sticky Flame          Conj/Fire      56%        2d7       1%          4
g - Conjure Flame         Conj/Fire      56%        6-21      1%          3
m - Magic Dart            Conj           100%       1d8       1%          1
r - Searing Ray           Conj           100%       3d7       1%          2
s - Summon Lightning Spi  Summ/Air       54%        N/A       1%          4
z - Foxfire               Conj/Fire      100%       2x1d9     1%          1

Your spell library contained the following spells:

 Spells                   Type           Power      Damage    Failure   Level
 Olgreb's Toxic Radiance  Pois           11%        N/A       17%         4
 Sandblast                Erth           44%        2d11      1%          1
 Summon Small Mammal      Summ           100%       N/A       1%          1
 Call Canine Familiar     Summ           52%        N/A       1%          3
 Summon Guardian Golem    Hex/Summ       32%        N/A       4%          3
 Gell's Gravitas          Tloc           13%        N/A       6%          3
 Lesser Beckoning         Tloc           13%        N/A       6%          3
 Teleport Other           Tloc           27%        N/A       6%          3
 Corona                   Hex            12%        N/A       7%          1
 Ensorcelled Hibernation  Hex/Ice        22%        N/A       11%         2
 Portal Projectile        Hex/Tloc       38%        N/A       11%         3
 Tukima's Dance           Hex            11%        N/A       21%         3
 Fulminant Prism          Conj/Hex       19%        3d11      2%          4
 Lee's Rapid Deconstruct  Erth           11%        3d9*      21%         5
 Leda's Liquefaction      Hex/Erth       8%         N/A       41%         4
 Manifold Assault         Tloc           27%        N/A       50%         5
 Dispersal                Tloc           13%        N/A       97%         6


Dungeon Overview and Level Annotations

Branches:
Dungeon (9/15)             Temple (1/1) D:4            Lair (5/6) D:8
 Shoals (0/4) Lair:3        Snake (0/4) Lair:4        Slime (0/5) Lair:5
    Orc: D:9-12

Altars:
Ashenzari
Kikubaaqudgha
Okawaru
Qazlal
Ru
Sif Muna
Trog
Vehumet
Wu Jian
Xom
Zin
Beogh
Jiyva
Lugonu

Shops:
D:1 [   D:3 ?   D:5 ?   D:8 [

Annotations:
D:7 1 runed translucent door, 0gre's ghost, novice GnCj
D:8 3 runed translucent doors, nxtlvl's ghost, novice DrBe
Lair:4 2 transporters


Innate Abilities, Weirdness & Mutations

You have a beak for a mouth.
You have claws for feet.
Your magical nature lets you fly swiftly and evasively.


Message History

The bullfrog is heavily wounded.
The bullfrog misses you.
Your lightning spire shoots out a bolt of lightning at the cane toad!
The bolt of electricity hits the cane toad!
The cane toad dies!
Vehumet accepts your kill.
The bolt of electricity hits the blink frog!
The bolt of electricity hits the blink frog.
Your lightning spire shoots out a bolt of lightning at the bullfrog!
The bolt of electricity hits the bullfrog!
Unknown command.
You hit the cane toad.
The cane toad seems to slow down.
You freeze the cane toad.
The cane toad is lightly wounded.
The bullfrog hits your lightning spire.
The blink frog blinks!
The cane toad stings you!
Casting: Summon Lightning Spire (dangerous; 1% risk of failure)
Confirm with . or Enter, or press ? or * to list all spells.
Okay, then.
Casting: Summon Lightning Spire (dangerous; 1% risk of failure)
Confirm with . or Enter, or press ? or * to list all spells.
The cane toad is struck by an arc of lightning.
The cane toad is lightly wounded.
The blink frog is struck by an arc of lightning.
The blink frog is severely wounded.
The goliath frog is struck by an arc of lightning!
The goliath frog is lightly wounded.
The lightning grounds out.
The bullfrog hits your lightning spire. The cane toad closely misses you.
The blink frog hits you!
* * * LOW HITPOINT WARNING * * *
Your lightning spire shoots out a bolt of lightning at the bullfrog!
The bolt of electricity hits the goliath frog!
The bolt of electricity hits the bullfrog!
The bullfrog dies!
Vehumet accepts your kill. The goliath frog hits you from afar!
* * * LOW HITPOINT WARNING * * *
You are splashed with acid.
You die...

,,,,,,,,,,,,,,,,,*
,,,,,,,,,.,,,,,***
,,..........#.**
,.........#..*####
,....(......###..######
,................$....#
*,..............<.....#
#*#.....$............#*
..####.........F@....#*
.≈.≈.≈≈......†FF.#..#.#
≈≈..≈.≈....#..†8##*##**
≈≈≈.≈P.≈....##### ***
≈≈≈≈.......## *,****,***
≈≈≈≈.P≈P....#**,,,,,,*,*
≈P≈≈≈.≈≈....#*,,,,,,,,**
≈≈≈≈≈..≈....#*,,,,,,,**
≈≈≈≈≈P≈P...#..,,,,,,,**


You could see a goliath frog, a cane toad (slow), a blink frog and a friendly
lightning spire (summoned).

Vanquished Creatures
  A catoblepas (Lair:2)
  A black mamba (Lair:2)
  4 elephants
  2 rime drakes (Lair:4)
  A cane toad (Lair:1)
  4 komodo dragons
  A polar bear (Lair:1)
  Grinder (D:5)
  3 blink frogs
  Sigmund (D:6)
  A shadow (D:9)
  6 yaks
  A wyvern (Lair:3)
  Edmund (D:5)
  8 water moccasins
  2 nagas (Lair:4)
  3 black bears
  A necrophage (D:8)
  An ogre (D:4)
  3 wolves
  2 centaurs
  2 phantoms (D:6)
  A kobold brigand (D:7)
  6 bullfrogs
  2 scorpions
  A wyvern zombie (D:6)
  A wyvern skeleton (D:7)
  A wight (D:7)
  2 centaur zombies (D:7)
  3 orc priests (D:5)
  5 hounds
  3 iguanas
  4 orc wizards
  A killer bee zombie (D:8)
  A hound skeleton (D:4)
  An adder (D:5)
  A shadow imp (D:7)
  A white imp (D:6)
  2 ufetubi
  3 worms (D:3)
  A dart slug (D:5)
  5 orcs
  2 ball pythons (D:3)
  6 bats
  An endoplasm (D:1)
  A giant cockroach (D:2)
  4 goblins
  6 hobgoblins
  A jackal (D:2)
  10 kobolds
  A quokka (D:2)
  2 frilled lizards (D:1)
  6 rats
135 creatures vanquished.

Vanquished Creatures (collateral kills)
  2 boulder beetles
  2 hydras
  A manticore (Lair:3)
  A cyclops (D:8)
  6 elephants
  A black mamba (Lair:3)
  8 cane toads
  3 rime drakes
  A freezing wraith (D:9)
  2 komodo dragons
  A wind drake (Lair:3)
  8 blink frogs
  A wyvern (Lair:4)
  16 yaks
  A naga (Lair:4)
  An acid dragon (D:8)
  5 water moccasins
  An orc warrior (D:8)
  An ice beast (D:8)
  2 ogres
  7 centaurs
  5 wolves
  7 bullfrogs
  4 wights
  2 nameless horrors (D:7)
  2 jellies (D:6)
  A howler monkey (D:9)
  A centaur zombie (D:8)
  Crazy Yiuf (D:2)
  A hound (D:6)
  An orc priest (D:7)
  An iguana (D:6)
  2 orc wizards (D:7)
  3 adders
  A dart slug (D:1)
  5 orcs
  4 endoplasms
  A giant cockroach (D:3)
  4 goblins
  A jackal (D:2)
  3 ball pythons
  A bat (D:2)
  14 foxfires
136 creatures vanquished.

Vanquished Creatures (others)
  A vampire (D:9)
  162 foxfires
  25 fungi
  79 plants
267 creatures vanquished.

Grand Total: 538 creatures vanquished

Notes
Turn   | Place    | Note
-------+----------+-------------------------------------------
     0 | D:1      | VictoriousLee the Tengu Summoner began the quest for the
                  | Orb.
     0 | D:1      | Reached XP level 1. HP: 10/10 MP: 4/4
    64 | D:1      | Reached skill level 5 in Summonings
   377 | D:1      | Reached XP level 2. HP: 13/15 MP: 1/6
   385 | D:1      | Learned a level 2 spell: Call Imp
   684 | D:1      | Found Poleyg's Armour Boutique.
  1590 | D:2      | Reached XP level 3. HP: 15/19 MP: 3/7
  1941 | D:2      | Learned a level 1 spell: Magic Dart
  2461 | D:2      | Found a runed translucent door.
  2462 | D:2      | Noticed Crazy Yiuf
  2861 | D:2      | Killed Crazy Yiuf
  2862 | D:2      | Reached skill level 2 in Conjurations
  3202 | D:3      | Found a faded altar of an unknown god.
  3233 | D:3      | Learned a level 2 spell: Searing Ray
  3417 | D:3      | Reached XP level 4. HP: 14/24 MP: 1/8
  3543 | D:3      | Found Gumirphi's Magic Scroll Shop.
  3551 | D:3      | Bought a scroll of identify for 26 gold pieces
  3628 | D:3      | Reached skill level 3 in Conjurations
  3890 | D:3      | Reached skill level 4 in Conjurations
  4308 | D:3      | Gained mutation: Your magical nature lets you fly swiftly
                  | and evasively. [Tengu growth]
  4308 | D:3      | Reached XP level 5. HP: 23/28 MP: 4/9
  4665 | D:4      | Reached skill level 5 in Conjurations
  4683 | D:4      | Noticed an ogre
  4741 | D:4      | Killed an ogre
  4742 | D:4      | Reached skill level 6 in Conjurations
  4775 | D:3      | Reached XP level 6. HP: 14/32 MP: 0/10
  5265 | D:4      | Found a staircase to the Ecumenical Temple.
  5271 | Temple   | Entered the Ecumenical Temple
  5403 | D:4      | Found an iron altar of Okawaru.
  5580 | D:4      | Learned a level 2 spell: Passwall
  5611 | D:5      | Entered Level 5 of the Dungeon
  5637 | D:5      | Reached skill level 1 in Transmutations
  5888 | D:5      | Noticed a black bear
  5903 | D:5      | Killed a black bear
  5904 | D:5      | Reached XP level 7. HP: 36/36 MP: 4/11
  6316 | D:5      | Found a radiant altar of Vehumet.
  6326 | D:5      | Became a worshipper of Vehumet
  6363 | D:5      | Found Fejofruf's Magic Scroll Shop.
  6366 | D:5      | Bought a scroll of teleportation for 39 gold pieces
  6366 | D:5      | Bought a scroll of magic mapping for 45 gold pieces
  6373 | D:5      | Bought a scroll of identify for 26 gold pieces
  6374 | D:5      | Bought a scroll of identify for 26 gold pieces
  6472 | D:5      | Noticed Grinder
  6499 | D:5      | Killed Grinder
  6500 | D:5      | Reached skill level 5 in Air Magic
  6834 | D:5      | Reached XP level 8. HP: 26/41 MP: 4/12
  7078 | D:5      | Noticed Edmund
  7165 | D:5      | Killed Edmund
  7600 | D:6      | Noticed Sigmund
  7648 | D:5      | Learned a level 4 spell: Summon Lightning Spire
  7648 | D:5      | Upgraded the game from 0.27.1-2-g3b301248ec to
                  | 0.27.1-3-gb3d3a73c9e
  8328 | D:6      | Killed Sigmund
  8449 | D:6      | Reached XP level 9. HP: 37/45 MP: 11/15
  8716 | D:6      | Learned a level 2 spell: Blink
  8847 | D:7      | Found an ornate altar of the Wu Jian Council.
  8872 | D:7      | Reached skill level 1 in Translocations
  9064 | D:7      | Reached * piety under Vehumet
  9064 | D:7      | Offered knowledge of Foxfire by Vehumet.
  9067 | D:7      | Learned a level 1 spell: Foxfire
  9239 | D:7      | Reached skill level 1 in Fire Magic
  9551 | D:7      | Found a runed translucent door.
  9552 | D:7      | Noticed a boulder beetle
  9553 | D:7      | Noticed 0gre's ghost (novice GnCj)
 10400 | D:8      | Found a staircase to the Lair.
 10425 | D:8      | Noticed a cyclops
 10464 | D:8      | Killed a cyclops
 10465 | D:8      | Reached skill level 5 in Fire Magic
 10570 | D:8      | Found Wicisep's Antique Armour Shop.
 10573 | D:8      | Bought an embroidered hat for 161 gold pieces
 10668 | D:8      | Found a shimmering altar of Xom.
 10671 | D:8      | Found a shimmering altar of Xom.
 10671 | D:8      | Found a shimmering altar of Xom.
 10672 | D:8      | Found a shimmering altar of Xom.
 10672 | D:8      | Found a shimmering altar of Xom.
 10672 | D:8      | Found a shimmering altar of Xom.
 10672 | D:8      | Found a shimmering altar of Xom.
 10672 | D:8      | Found a shimmering altar of Xom.
 10730 | D:8      | Reached ** piety under Vehumet
 10734 | D:8      | Offered knowledge of Static Discharge by Vehumet.
 10853 | D:8      | Learned a level 2 spell: Static Discharge
 10906 | D:8      | Noticed a polar bear
 10907 | D:8      | Noticed a water nymph
 10922 | D:8      | Found a runed translucent gate.
 10922 | D:8      | Found a runed translucent gate.
 10922 | D:8      | Found a runed translucent gate.
 10925 | D:8      | Noticed nxtlvl's ghost (novice DrBe)
 11140 | D:9      | Reached XP level 10. HP: 41/50 MP: 8/17
 11216 | D:9      | Noticed a gargoyle
 11488 | D:8      | Noticed a fire dragon
 11488 | D:8      | Noticed a swamp dragon
 11488 | D:8      | a snapping turtle changed into a swamp dragon
 11499 | D:9      | Noticed a centaur warrior
 11518 | D:8      | a fire dragon changed into a tyrant leech
 11527 | D:8      | Reached skill level 1 in Fighting
 11527 | D:8      | Reached skill level 5 in Spellcasting
 11582 | Lair:1   | Entered Level 1 of the Lair of Beasts
 11582 | Lair:1   | Noticed a cane toad
 11587 | Lair:1   | Killed a cane toad
 11766 | Lair:1   | Offered knowledge of Stone Arrow by Vehumet.
 11990 | Lair:1   | Reached skill level 5 in Fighting
 12173 | Lair:1   | Noticed a cane toad
 12185 | Lair:1   | Killed a cane toad
 12308 | Lair:1   | Noticed a cane toad
 12315 | Lair:1   | Killed a cane toad
 12528 | Lair:2   | Noticed a six-headed hydra
 12540 | Lair:2   | Killed a six-headed hydra
 12541 | Lair:2   | Reached XP level 11. HP: 7/67 MP: 6/19
 12620 | Lair:1   | Learned a level 3 spell: Stone Arrow
 12825 | Lair:2   | Reached *** piety under Vehumet
 12884 | Lair:2   | Identified the +0 hunting sling of the Shoals {flame,
                  | Fragile rN+ rCorr Int+6}
 13216 | Lair:2   | Noticed a boulder beetle
 13438 | Lair:2   | Noticed a catoblepas
 13524 | Lair:2   | Reached skill level 7 in Conjurations
 13739 | Lair:2   | Killed a catoblepas
 13933 | Lair:2   | Killed a boulder beetle
 14220 | Lair:3   | Offered knowledge of Conjure Flame by Vehumet.
 14340 | Lair:3   | Learned a level 3 spell: Conjure Flame
 14428 | Lair:3   | Noticed a five-headed hydra
 14435 | Lair:3   | Killed a five-headed hydra
 14534 | Lair:3   | Noticed a manticore
 14548 | Lair:3   | Killed a manticore
 14548 | Lair:3   | Reached **** piety under Vehumet
 14562 | Lair:3   | Reached XP level 12. HP: 23/73 MP: 20/26
 14653 | Lair:3   | Reached skill level 8 in Conjurations
 14854 | Lair:3   | Offered knowledge of Sticky Flame by Vehumet.
 14855 | Lair:3   | Reached skill level 9 in Conjurations
 14862 | Lair:3   | Learned a level 4 spell: Sticky Flame
 15037 | Lair:3   | Found a staircase to the Shoals.
 15287 | Lair:4   | Reached skill level 1 in Armour
 15497 | D:8      | Bought a distressingly furry ring mail for 207 gold pieces
 15497 | D:8      | Identified the +1 ring mail of the Fife {Harm} (You bought
                  | it in a shop on level 8 of the Dungeon)
 15498 | D:8      | Bought a dyed leather armour for 115 gold pieces
 15654 | Lair:4   | Reached skill level 5 in Dodging
 15777 | Lair:4   | Found a staircase to the Snake Pit.
 15782 | Lair:4   | Noticed a boulder beetle
 15808 | Lair:4   | Killed a boulder beetle
 15952 | Lair:4   | Reached ***** piety under Vehumet
 16169 | Lair:4   | Found a transporter.
 16174 | Lair:4   | Found a bloodstained altar of Trog.
 16193 | Lair:4   | Found a transporter.
 16333 | Lair:5   | Found a viscous altar of Jiyva.
 16338 | Lair:5   | Found a staircase to the Slime Pits.
 16347 | Lair:5   | Offered knowledge of Olgreb's Toxic Radiance by Vehumet.
 16373 | Lair:5   | Reached skill level 10 in Conjurations
 16493 | Lair:5   | You are sucked into a shaft and drop 1 floor!
 16493 | Lair:6   | Entered Level 6 of the Lair of Beasts
 16515 | Lair:6   | Splashed by a goliath frog's acid

Illustrated notes

Levels and vault maps discovered:
D:1:      dpeg_arrival_tiny_c, layout_loops_ring, serial_shops,
          nicolae_shop_stone, nrook_mini_backslash
D:2:      layout_basic, uniq_crazy_yiuf_cottage
D:3:      layout_loops_cross, portal_sewer_entry_e,
          ebering_ecumenical_altar_rust, serial_shops, shop_fountains,
          grunt_ministairs_2, roderic_lattice_a, minmay_crystal_room,
          minmay_surrounded
D:4:      layout_cave_pools, kennysheep_little_box,
          minmay_temple_entry_enclosed_plants
D:5:      layout_gridville, lemuel_crystal_altar, serial_shops, shop,
          uniq_grinder, uniq_edmund
D:6:      layout_gridville, uniq_sigmund
D:7:      layout_gridville, overflow_temple_1_default, ebering_ghost_inner_flame
D:8:      layout_rooms, xom_shifter_show, dpeg_oklobed_lair, serial_shops,
          kennysheep_mini_moat, biasface_ghost_orc_armoury, grunt_tough_drop
D:9:      minmay_the_grid_4x2 [minmay_the_grid_diamond_grid,
          minmay_the_grid_plusring, minmay_the_grid_paths,
          minmay_the_grid_garden, minmay_the_grid_broken_lines,
          minmay_the_grid_doors, minmay_the_grid_outer_diamond,
          minmay_the_grid_prize_shrinking_boxes], layout_loops_ring,
          mainiacjoe_overflow_brackets, kennysheep_potato
Temple:   corrupted_temple
Lair:1:   layout_regular_city, grunt_megastairs_1, infiniplex_staircase_pool
Lair:2:   layout_chaotic_city, nicolae_quartered_pool_little, grunt_megastairs_2
Lair:3:   layout_loops_ring, minmay_shoals_entry_beasts, serial_bayou,
          serial_bayou_pond_e, serial_bayou_pond_d, serial_bayou_pond_e,
          serial_bayou_ford_a
Lair:4:   layout_loops_ring, guppyfry_snake_entry_island,
          gammafunk_ghost_wrathful_warriors
Lair:5:   layout_small_grid, slime_altar_1, minmay_lair_oklob_chamber,
          serial_bayou_shore_b, grunt_megastairs_5
Lair:6:   minmay_lair_end_frog_pond, layout_cellular_growth

Skill      XL: |  1  2  3  4  5  6  7  8  9 10 11 12 |
---------------+-------------------------------------+-----
Summonings     | 5 6 7 8 |  8.0
Conjurations   | 2 4 6 7 10 | 10.5
Air Magic      | 3 5 9 |  9.0
Transmutations | 2 3 |  3.0
Earth Magic    | 2 |  2.0
Spellcasting   | 3 4 5 9 |  9.0
Translocations | 3 |  3.0
Fire Magic     | 6 7 8 |  8.0
Fighting       | 7 8 |  8.0
Dodging        | 4 6 |  6.0
Armour         | 3 |  3.0
Stealth        | |  2.0

Action                   |  1- 3 |  4- 6 |  7- 9 | 10-12 || total
-------------------------+-------+-------+-------+-------++-------
Melee: Unarmed           |     7 |       |       |       ||     7
       Kick              |    16 |     9 |    18 |    54 ||    97
       Club              |    63 |    33 |       |       ||    96
       Peck              |    11 |     4 |     7 |    46 ||    68
       Quarterstaff      |       |     5 |    30 |       ||    35
       Flail             |       |       |    48 |   189 ||   237
Throw: Dart              |       |       |     1 |       ||     1
 Cast: Summon Small Mamm |     6 |       |       |       ||     6
       Call Imp          |    15 |     6 |    19 |     5 ||    45
       Magic Dart        |    23 |    19 |    48 |     5 ||    95
       Searing Ray       |       |    10 |    25 |     4 ||    39
       Summon Lightning  |       |       |    32 |    82 ||   114
       Foxfire           |       |       |    20 |    87 ||   107
       Static Discharge  |       |       |       |     5 ||     5
  Use: Scroll            |       |     6 |     9 |     8 ||    23
       Potion            |       |       |     3 |     3 ||     6
 Stab: Sleeping          |     2 |     2 |     1 |       ||     5
       Distracted        |       |       |     1 |     3 ||     4
Armor: Robe              |    19 |    28 |    40 |    60 ||   147
       Leather armour    |       |       |       |    13 ||    13
Dodge: Dodged            |    57 |    46 |    91 |   179 ||   373
